[Event "1st Bella Italia International 2022"]
[Site "Lignano"]
[Date "2022.08.19"]
[Round "4.6"]
[White "Jonkman, Harmen"]
[Black "Player, Edmund C"]
[Result "1-0"]
[ECO "C54"]
[WhiteElo "2373"]
[BlackElo "2202"]
[Annotator "TA"]
[PlyCount "165"]
[EventDate "2022.08.18"]
[EventCountry "ITA"]
[SourceTitle "playchess.com"]
[Source "ChessBase"]
[SourceQuality "1"]
[TimeControl "5400+30"]

1. e4 e5 2. Bc4 Nc6 3. Nf3 Bc5 4. c3 Nf6 5. d4 exd4 6. e5 d5 7. Be2 Ne4 8. cxd4 Bb4+ 9. Bd2 Nxd2 10. Nbxd2 O-O {[%emt 0:00:47] C54: Giuoco Piano: 4 c3 Nf6, main lines with 5 d4 and 5 d3.} 11. O-O {[%emt 0:00:22] [#]} Re8 $146 ({Predecessor:} 11... f6 12. Nb3 fxe5 13. Nxe5 Nxe5 14. dxe5 c6 15. f4 Bf5 16. Bd3 Ba5 17. Bxf5 Bb6+ 18. Kh1 Rxf5 {1-0 (32) Aronian,L (2775)-Ding,L (2801) London 2019}) 12. a3 Bf8 {[%emt 0:01:27] The position is equal.} 13. h3 f6 14. Bb5 Re6 15. Re1 fxe5 16. dxe5 Ne7 17. b4 Ng6 18. Nb3 c6 19. Bf1 Re8 20. Rc1 Nh4 21. Nfd4 (21. Nxh4 $14 Qxh4 22. g3) 21... Qg5 (21... Ng6 $11) 22. g3 $14 Ng6 23. Nf3 (23. e6 $16) 23... Qh5 $11 24. g4 Qh6 {[%emt 0:00:04] Threatens to win with ...Nf4.} 25. Qd4 (25. Re3 $11) 25... Nf4 $17 26. Rc3 Nxh3+ 27. Bxh3 Qxh3 28. Nh2 Qh6 29. f4 Qh4 30. Qd1 (30. Re2 $17 {was called for.}) 30... g6 (30... a5 $1 $19 31. Nxa5 d4) 31. Nd4 $2 (31. Kg2 $1 $15) 31... a5 $19 32. b5 cxb5 $2 (32... c5 $19 33. Ne2 Bxg4 34. Nxg4 Qxg4+ 35. Ng3 Qxd1 36. Rxd1 Rad8) 33. Nxb5 (33. Kg2 $1 $15) 33... Rd8 $2 (33... d4 $17 34. Rd3 (34. Nxd4 $2 b6 $19) 34... Rb8) 34. Kg2 {[%emt 0:01:50][%mdl 1024] White has compensation.} d4 35. Rh3 Qe7 36. Nd6 {[%emt 0:00:16] Prevents Qf7.} Qe6 (36... Ra6 $11 {remains equal.}) 37. Ne4 $2 {[%emt 0:02:48] 0x0.001682b49db1dp-1022s more active pieces. The black rooks are badly placed. Pair of Knights!} (37. f5 $1 $16 {[%cal Rf5e6] is forced if you want to stay better.} Qd5+ 38. Kg1) 37... Bg7 (37... Be7 $1 $17 {...b5 is the strong threat.} 38. Nf2 Qa2) 38. Rxh7 $14 {[%emt 0:01:04] aiming for Ng5.} b5 $2 (38... Qa2+ $14 39. Re2 Qxa3) 39. Ng5 $2 ({Better is} 39. Nf6+ $1 $18 Bxf6 40. exf6 Qxf6 41. Ree7) 39... Bb7+ 40. Kg3 Qa2 {[%emt 0:00:36] ( -> ...Qg2+)} 41. Nhf3 Rac8 $1 {[%emt 0:00:49] And now ...Rc2 would win.} 42. Qd3 {[%emt 0:00:36] The board is on fire.} Qc2 $2 (42... Bxf3 $11 43. Rh2 (43. Qxf3 $2 Rc3 $19) 43... Rc3 44. Rxa2 Rxd3 45. Nxf3 Rc8) 43. Qxb5 $2 ({White should play} 43. Qxc2 $18 Rxc2 44. Rxg7+ $1 Kxg7 45. Ne6+ Kg8 46. Nxd8 Bxf3 47. Kxf3) 43... Bxf3 $11 44. Rxg7+ $1 Kxg7 45. Nxf3 Rb8 $2 {[%emt 0:00:55][%mdl 8192] [#]} (45... Qc5 $11 46. Qb7+ Rc7) 46. Qxa5 $2 ({White must play} 46. Qa6 $1 $18 Rd7 47. Qf6+ (47. f5 gxf5 48. Qf6+ Kg8 $11) 47... Kg8 48. e6) 46... Qc6 {[%emt 0:00:45][%cal Ob8b3] Strongly threatening ...Rb3!} 47. e6 Rb3 48. Qa7+ Qb7 49. Qxb7+ Rxb7 {[%emt 0:00:02] [#]} 50. Nxd4 $1 $14 {[%emt 0:00:11][%mdl 4096] Endgame KRR-KRN} Ra7 {[%emt 0:01:20] [#]} 51. Re3 $1 Rxd4 52. e7 Ra8 53. e8=Q Rxe8 54. Rxe8 {[%emt 0:00:07] KR-KR} Rd3+ 55. Kh4 Rxa3 56. Kg5 Ra5+ 57. Re5 Ra7 58. Rd5 Rb7 59. Kh4 Ra7 60. Kg3 Ra3+ 61. Kf2 Rb3 62. Re5 Ra3 63. Re3 Ra4 64. Kf3 $1 Rb4 65. Rd3 Rb7 66. Rd4 Re7 67. Rd5 Kf7 68. Rd6 Kg7 69. Rd3 Kf7 70. Rc3 Kg7 71. Re3 Ra7 72. Rb3 Re7 73. Rb4 Kf7 74. Rb5 Kg7 75. Rb6 Ra7 76. Ke4 Ra4+ 77. Ke5 g5 78. Rb7+ Kg8 $2 (78... Kh6 $11) 79. f5 Rxg4 80. Kf6 $2 (80. f6 $18 {Kf5 would kill now.} Rf4 81. Ke6) 80... Ra4 $2 {[%emt 0:00:45][%mdl 8192] [#]} (80... Rd4 $11) 81. Kg6 $1 {[%emt 0:00:00][%cal Rb7b8] White mates.} ({Weaker is} 81. Rb8+ Kh7 $11) 81... Kf8 82. f6 Re4 83. Rb8+ {[%emt 0:03:09] What a fight!  Weighted Error Value: White=0.54/Black=0.41} 1-0

[Event "1st Bella Italia International 2022"]
[Site "Lignano"]
[Date "2022.08.19"]
[Round "4.7"]
[White "Bommini Mounika Akshaya"]
[Black "Bettalli, Francesco"]
[Result "1-0"]
[ECO "A56"]
[WhiteElo "2107"]
[BlackElo "2237"]
[Annotator "NA RC"]
[PlyCount "91"]
[EventDate "2022.08.18"]
[EventCountry "ITA"]
[SourceTitle "playchess.com"]
[Source "ChessBase"]
[SourceQuality "1"]
[TimeControl "5400+30"]

1. d4 Nf6 2. c4 c5 3. d5 a6 4. a4 d6 5. Nc3 g6 6. e4 Bg7 7. h3 e6 8. Nf3 Qe7 9. Bd3 a5 10. O-O e5 11. Ne1 Nh5 12. Ne2 O-O 13. g4 Nf6 14. Ng3 h5 15. Bg5 Qd7 16. f3 Nh7 17. Bd2 Qe7 18. Ng2 Bf6 19. Kh2 Kg7 20. Qe1 hxg4 21. hxg4 Rh8 22. Ne3 Ng5+ 23. Kg2 Nh3 24. Ne2 Bh4 25. Qc1 Bd7 26. Be1 Na6 27. Rh1 Bxe1 28. Qxe1 Qg5 29. Nc2 Nf4+ 30. Nxf4 Rxh1 31. Qxh1 exf4 32. Qe1 Bxg4 33. fxg4 Qxg4+ 34. Kf2 Qg3+ 35. Ke2 f3+ 36. Kd2 Qg5+ 37. Qe3 Qg2+ 38. Kc3 Rh8 39. Rf1 Rh3 40. Ne1 Qg3 41. Rxf3 Qe5+ 42. Kb3 Rh1 43. Rxf7+ Kg8 44. Rf1 Rh2 45. Rf2 Rh1 46. Qf3 1-0

[Event "1st Bella Italia International 2022"]
[Site "Lignano"]
[Date "2022.08.19"]
[Round "4.8"]
[White "Urbani, Gabriel"]
[Black "Titze, Leo"]
[Result "1-0"]
[ECO "B35"]
[WhiteElo "2046"]
[BlackElo "2071"]
[Annotator "NA RC"]
[PlyCount "83"]
[EventDate "2022.08.18"]
[EventCountry "ITA"]
[SourceTitle "playchess.com"]
[Source "ChessBase"]
[SourceQuality "1"]
[TimeControl "5400+30"]

1. e4 c5 2. Nf3 Nc6 3. d4 cxd4 4. Nxd4 g6 5. Be3 Bg7 6. Nc3 Nf6 7. Bc4 O-O 8. Bb3 Re8 9. f3 e6 10. Qd2 d5 11. Nxc6 bxc6 12. O-O-O Qa5 13. Kb1 Kh8 14. Bh6 dxe4 15. Nxe4 Qxd2 16. Bxg7+ Kxg7 17. Rxd2 Nxe4 18. fxe4 c5 19. e5 Bb7 20. Rhd1 Bc6 21. g3 Bf3 22. Rf1 Bc6 23. Rd6 Rac8 24. Rfd1 Kf8 25. Kc1 Ke7 26. Kd2 Red8 27. Kc3 Rxd6 28. Rxd6 g5 29. Bc4 Rc7 30. b3 Bb7 31. a4 Rd7 32. Rxd7+ Kxd7 33. Bd3 Bd5 34. Bxh7 a5 35. h4 gxh4 36. gxh4 Ke7 37. Kd3 Kf8 38. Be4 Kg7 39. Bxd5 exd5 40. c3 f5 41. exf6+ Kxf6 42. b4 1-0

[Event "1st Bella Italia International 2022"]
[Site "Lignano"]
[Date "2022.08.19"]
[Round "4.9"]
[White "Lapiccirella, Daniele"]
[Black "Tencati, Giuseppe"]
[Result "1/2-1/2"]
[ECO "D80"]
[WhiteElo "2173"]
[BlackElo "2055"]
[Annotator "ChessBase"]
[PlyCount "35"]
[EventDate "2022.08.18"]
[EventCountry "ITA"]
[SourceTitle "playchess.com"]
[Source "ChessBase"]
[SourceQuality "1"]
[TimeControl "5400+30"]

1. d4 Nf6 2. c4 g6 3. Nc3 d5 4. Nf3 Bg7 5. Bg5 Ne4 6. Bf4 Nxc3 7. bxc3 c5 8. cxd5 Qxd5 9. e3 cxd4 10. cxd4 O-O 11. Be2 Nc6 12. O-O Bf5 13. Qa4 Qa5 14. Qxa5 Nxa5 15. Nd2 Rfc8 16. Rfc1 Rxc1+ 17. Rxc1 Rc8 18. Rxc8+ 1/2-1/2

[Event "1st Bella Italia International 2022"]
[Site "Lignano"]
[Date "2022.08.19"]
[Round "4.10"]
[White "Micottis, Dorian"]
[Black "Cino, Giuseppe Adalberto"]
[Result "1-0"]
[ECO "C02"]
[WhiteElo "2263"]
[BlackElo "1976"]
[Annotator "NA RC"]
[PlyCount "65"]
[EventDate "2022.08.18"]
[EventCountry "ITA"]
[SourceTitle "playchess.com"]
[Source "ChessBase"]
[SourceQuality "1"]
[TimeControl "5400+30"]

1. e4 e6 2. d4 d5 3. e5 c5 4. c3 Nc6 5. Nf3 Bd7 6. Be2 Qb6 7. O-O f6 8. dxc5 Bxc5 9. b4 Be7 10. Bf4 fxe5 11. Nxe5 Nxe5 12. Bxe5 Nf6 13. Nd2 O-O 14. a4 Bd6 15. Nc4 dxc4 16. Bxd6 Rf7 17. a5 Qc6 18. Qd4 Rc8 19. Bc5 e5 20. Qd6 b6 21. Qxc6 Rxc6 22. axb6 axb6 23. Ra8+ Be8 24. Be3 b5 25. Rd1 Re6 26. Rdd8 h6 27. Bh5 Rf8 28. Bg6 e4 29. Bc5 e3 30. fxe3 Nd7 31. Bxf8 Rxg6 32. Rxe8 Kh7 33. Bc5 1-0

[Event "1st Bella Italia International 2022"]
[Site "Lignano"]
[Date "2022.08.19"]
[Round "4.11"]
[White "Della Pietra, Andrea"]
[Black "Cappelletto, Joshuaede"]
[Result "0-1"]
[ECO "D85"]
[WhiteElo "2172"]
[BlackElo "2266"]
[Annotator "NA RC"]
[PlyCount "56"]
[EventDate "2022.08.18"]
[EventCountry "ITA"]
[SourceTitle "playchess.com"]
[Source "ChessBase"]
[SourceQuality "1"]
[TimeControl "5400+30"]

1. d4 Nf6 2. c4 g6 3. Nc3 d5 4. cxd5 Nxd5 5. Bd2 Nb6 6. e3 Bg7 7. f4 O-O 8. Nf3 Na6 9. Ne4 Qd5 10. Nc3 Qd8 11. Ne4 Bf5 12. Ng3 Be6 13. Qc2 Rc8 14. Ng5 c5 15. Nxe6 fxe6 16. Bxa6 cxd4 17. Qe4 bxa6 18. Qxe6+ Kh8 19. O-O Nc4 20. Bb4 Qb6 21. Qxb6 axb6 22. exd4 Bxd4+ 23. Kh1 Ne3 24. Rf3 Nd5 25. Ne2 Bxb2 26. Rb1 Rc2 27. Rb3 Rxe2 28. R3xb2 Rxb2 0-1

[Event "1st Bella Italia International 2022"]
[Site "Lignano"]
[Date "2022.08.19"]
[Round "4.12"]
[White "Etxagibel Larranaga, Asier"]
[Black "Seres, Bela"]
[Result "1-0"]
[ECO "A36"]
[WhiteElo "2118"]
[BlackElo "2207"]
[Annotator "NA RC"]
[PlyCount "95"]
[EventDate "2022.08.18"]
[EventCountry "ITA"]
[SourceTitle "playchess.com"]
[Source "ChessBase"]
[SourceQuality "1"]
[TimeControl "5400+30"]

1. c4 g6 2. g3 Bg7 3. Bg2 c5 4. Nc3 Nc6 5. e3 Nh6 6. Nge2 Nf5 7. O-O O-O 8. b3 a6 9. Bb2 Rb8 10. Na4 Bxb2 11. Nxb2 Qb6 12. f4 h5 13. Na4 Qa7 14. e4 Nfd4 15. f5 d6 16. Nf4 Ne5 17. Nxh5 gxf5 18. exf5 Bxf5 19. Rxf5 Nxf5 20. Nc3 Nd4 21. Nf4 Kg7 22. Nh5+ Kg8 23. Nf4 Kg7 24. Nh5+ Kh6 25. Nf4 Rh8 26. Qf1 Kg7 27. Re1 e6 28. Ne4 Qb6 29. Ne2 f5 30. Ng5 Rh6 31. h4 Qd8 32. Nf4 Qe7 33. Re3 b5 34. cxb5 axb5 35. Qb1 b4 36. Bf1 Rbh8 37. Bg2 Re8 38. Qb2 Qf6 39. Qb1 Rg8 40. Qf1 Ra8 41. Bxa8 Rh8 42. Bg2 Kf8 43. Qa6 Nf7 44. Nxf7 Kxf7 45. Qb7+ Kg8 46. Qb8+ Kg7 47. Qxd6 e5 48. Rxe5 1-0

[Event "1st Bella Italia International 2022"]
[Site "Lignano"]
[Date "2022.08.19"]
[Round "4.13"]
[White "Massironi, Marco"]
[Black "Haller, Quentin"]
[Result "1/2-1/2"]
[ECO "B18"]
[WhiteElo "2200"]
[BlackElo "1995"]
[Annotator "NA RC"]
[PlyCount "64"]
[EventDate "2022.08.18"]
[EventCountry "ITA"]
[SourceTitle "playchess.com"]
[Source "ChessBase"]
[SourceQuality "1"]
[TimeControl "5400+30"]

1. e4 c6 2. d4 d5 3. Nc3 dxe4 4. Nxe4 Bf5 5. Bd3 Qxd4 6. Nf3 Qd8 7. Qe2 e6 8. Bd2 Bxe4 9. Bxe4 Nf6 10. O-O-O Qc7 11. Kb1 Nbd7 12. Bc3 Be7 13. Ne5 Rd8 14. Nxd7 Rxd7 15. Bd3 O-O 16. Be5 Qb6 17. g4 Rd5 18. c4 Rxe5 19. Qxe5 Nxg4 20. Qe4 Nf6 21. Qf3 Bc5 22. Rd2 Bd4 23. Rg1 Kh8 24. Qg3 Rg8 25. Qh4 c5 26. Rg3 h6 27. Be4 Qb4 28. Rgd3 Qxc4 29. Bxb7 Rb8 30. Rb3 Qf1+ 31. Kc2 Qc4+ 32. Kb1 Qf1+ 1/2-1/2

[Event "1st Bella Italia International 2022"]
[Site "Lignano"]
[Date "2022.08.19"]
[Round "4.14"]
[White "Gelle, Istvan"]
[Black "Bartolozzi, Roberto"]
[Result "1-0"]
[ECO "A48"]
[WhiteElo "2218"]
[BlackElo "1967"]
[Annotator "NA RC"]
[PlyCount "107"]
[EventDate "2022.08.18"]
[EventCountry "ITA"]
[SourceTitle "playchess.com"]
[Source "ChessBase"]
[SourceQuality "1"]
[TimeControl "5400+30"]

1. d4 Nf6 2. Bf4 g6 3. e3 Bg7 4. Nf3 d6 5. h3 O-O 6. Be2 c5 7. O-O b6 8. a4 a6 9. Nbd2 Bb7 10. Re1 Nbd7 11. Bh2 Ra7 12. Bf1 Qa8 13. c4 Rd8 14. d5 b5 15. e4 Ne8 16. cxb5 axb5 17. Bxb5 Bxb2 18. Rb1 Bg7 19. Nc4 Ba6 20. Bc6 Qc8 21. Qc2 Bxc4 22. Qxc4 Qc7 23. Bf4 Ne5 24. Bxe5 Bxe5 25. Nxe5 dxe5 26. Qxc5 Nd6 27. Qb6 Qxb6 28. Rxb6 Kg7 29. f3 Ra5 30. Rb4 h5 31. h4 Rc8 32. Reb1 f5 33. R1b3 fxe4 34. fxe4 Rd8 35. Rf3 Rc8 36. Kf2 Rc5 37. Kg3 Ra5 38. Kh3 Rh8 39. g4 hxg4+ 40. Kxg4 Rd8 41. Kh3 Rh8 42. Rg3 Kh6 43. Rg5 Rf8 44. Rxe5 Rf4 45. Kg3 Rf7 46. Rb8 Rc5 47. Rb3 Rc4 48. Re3 Rc1 49. Rf3 Nc4 50. Rxf7 Nxe5 51. Rxe7 Nxc6 52. dxc6 Rxc6 53. Re5 Rf6 54. a5 1-0

[Event "1st Bella Italia International 2022"]
[Site "Lignano"]
[Date "2022.08.19"]
[Round "4.15"]
[White "Zuttioni, Federico"]
[Black "Olabe Odriozola, Eduardo"]
[Result "1/2-1/2"]
[ECO "C41"]
[WhiteElo "2161"]
[BlackElo "1946"]
[Annotator "NA RC"]
[PlyCount "50"]
[EventDate "2022.08.18"]
[EventCountry "ITA"]
[SourceTitle "playchess.com"]
[Source "ChessBase"]
[SourceQuality "1"]
[TimeControl "5400+30"]

1. e4 e5 2. Nf3 d6 3. d4 exd4 4. Nxd4 Nf6 5. Nc3 Be7 6. g3 O-O 7. Bg2 Re8 8. O-O Bf8 9. Re1 Na6 10. Nde2 c6 11. Nf4 Nc5 12. h3 Qc7 13. a4 b6 14. Nd3 Ba6 15. Nxc5 bxc5 16. Bf4 Rab8 17. b3 Qa5 18. Bd2 c4 19. b4 Qc7 20. Rb1 g6 21. Bf4 Nh5 22. Be3 Bg7 23. Qd2 Nf6 24. Bf4 Rbd8 25. b5 cxb5 1/2-1/2

[Event "1st Bella Italia International 2022"]
[Site "Lignano"]
[Date "2022.08.19"]
[Round "4.16"]
[White "Cristiani, Cesare"]
[Black "Grigorian, Roudolph"]
[Result "0-1"]
[ECO "E12"]
[WhiteElo "2006"]
[BlackElo "2101"]
[Annotator "NA RC"]
[PlyCount "78"]
[EventDate "2022.08.18"]
[EventCountry "ITA"]
[SourceTitle "playchess.com"]
[Source "ChessBase"]
[SourceQuality "1"]
[TimeControl "5400+30"]

1. d4 d5 2. c4 e6 3. Nf3 Nf6 4. e3 Be7 5. Nc3 O-O 6. a3 b6 7. cxd5 Nxd5 8. Be2 Bb7 9. O-O Nd7 10. Bd2 N7f6 11. Nxd5 Qxd5 12. Rc1 Rac8 13. Bc3 Ne4 14. Qa4 a5 15. Rfd1 Qh5 16. Qb5 Bd5 17. Be1 Qh6 18. Qd3 Bd6 19. Ne5 Bxe5 20. dxe5 Nc5 21. Rxc5 bxc5 22. e4 Bc6 23. Bxa5 Qg5 24. Bc3 Rfd8 25. Qc2 Rxd1+ 26. Bxd1 Rd8 27. Bf3 c4 28. h3 Rd3 29. Kh2 Qf4+ 30. Kg1 Bxe4 31. Bxe4 Qxe4 32. a4 Qd5 33. a5 Kf8 34. Qa4 g5 35. a6 Qe4 36. a7 Rd8 37. Qb4+ Kg7 38. Qc5 Rd1+ 39. Kh2 Qf4+ 0-1

[Event "1st Bella Italia International 2022"]
[Site "Lignano"]
[Date "2022.08.19"]
[Round "4.17"]
[White "Rotolante, Luca"]
[Black "Montorsi, Matteo"]
[Result "0-1"]
[ECO "A46"]
[WhiteElo "2010"]
[BlackElo "2100"]
[Annotator "NA RC"]
[PlyCount "104"]
[EventDate "2022.08.18"]
[EventCountry "ITA"]
[SourceTitle "playchess.com"]
[Source "ChessBase"]
[SourceQuality "1"]
[TimeControl "5400+30"]

1. d4 Nf6 2. Nf3 e6 3. a3 g6 4. g3 Bg7 5. Bg2 O-O 6. O-O d6 7. c4 Nbd7 8. Nc3 a6 9. e4 e5 10. Re1 c6 11. h3 Qc7 12. Be3 exd4 13. Bxd4 Re8 14. Rc1 c5 15. Nd5 Nxd5 16. cxd5 Qd8 17. Bxg7 Kxg7 18. b4 b6 19. Qd2 Qf6 20. a4 Bb7 21. a5 b5 22. bxc5 dxc5 23. Nh2 c4 24. Ng4 Qd6 25. Qh6+ Kg8 26. Qg5 f6 27. Qh6 Ne5 28. f4 Nxg4 29. hxg4 Re7 30. g5 fxg5 31. Qxg5 Rf8 32. e5 Qc5+ 33. Kh2 Rf5 34. Qxe7 Qxe7 35. d6 Qg7 36. Rcd1 Bc8 37. e6 Qa7 38. g4 Rf8 39. d7 Bxd7 40. exd7 Qb8 41. Re4 c3 42. Kh1 c2 43. Rc1 Qc7 44. Re7 Qd6 45. Re2 Qd1+ 46. Re1 Qxg4 47. Bd5+ Kg7 48. Re7+ Kh6 49. Rf7 Qh3+ 50. Kg1 Qe3+ 51. Kh2 Qxc1 52. Rxf8 Qd2+ 0-1

[Event "1st Bella Italia International 2022"]
[Site "Lignano"]
[Date "2022.08.19"]
[Round "4.18"]
[White "Cassi, Elisa"]
[Black "Heredia Serrano, Carla"]
[Result "1/2-1/2"]
[ECO "B15"]
[WhiteElo "1922"]
[BlackElo "2090"]
[Annotator "NA RC"]
[PlyCount "113"]
[EventDate "2022.08.18"]
[EventCountry "ITA"]
[SourceTitle "playchess.com"]
[Source "ChessBase"]
[SourceQuality "1"]
[TimeControl "5400+30"]

1. e4 c6 2. d4 d5 3. Nd2 dxe4 4. Nxe4 Nf6 5. Nxf6+ exf6 6. c3 Bd6 7. Bd3 O-O 8. Ne2 Re8 9. O-O Nd7 10. Ng3 g6 11. Bh6 Nf8 12. Ne4 Be7 13. h4 Bf5 14. Qf3 Bxe4 15. Bxe4 f5 16. Bxf5 gxf5 17. Qg3+ Ng6 18. h5 Bd6 19. f4 Qh4 20. Qxh4 Nxh4 21. Bg5 Ng6 22. hxg6 hxg6 23. Bf6 Re6 24. Be5 Bf8 25. c4 f6 26. Bc7 Re7 27. Ba5 b6 28. Bc3 Kf7 29. Kf2 Re4 30. g3 Rae8 31. Rfe1 g5 32. Rxe4 Rxe4 33. Re1 gxf4 34. Rxe4 fxe4 35. gxf4 Ke6 36. d5+ cxd5 37. cxd5+ Kxd5 38. Bxf6 Bc5+ 39. Ke2 Bd6 40. Ke3 Bc5+ 41. Ke2 Ke6 42. Be5 b5 43. Kd2 a5 44. b3 Kd5 45. a4 bxa4 46. bxa4 Bb4+ 47. Ke2 Ke6 48. Ke3 Kd5 49. Bc7 Bc5+ 50. Ke2 Bb4 51. Ke3 Bc5+ 52. Ke2 Bb4 53. f5 Bc3 54. Bd8 Kc4 55. f6 Bxf6 56. Bxf6 Kb4 57. Ke3 1/2-1/2

[Event "1st Bella Italia International 2022"]
[Site "Lignano"]
[Date "2022.08.19"]
[Round "4.19"]
[White "Brotto, Alessandro"]
[Black "Giraldi, Edoardo"]
[Result "1/2-1/2"]
[ECO "D02"]
[WhiteElo "2027"]
[BlackElo "1909"]
[Annotator "NA RC"]
[PlyCount "23"]
[EventDate "2022.08.18"]
[EventCountry "ITA"]
[SourceTitle "playchess.com"]
[Source "ChessBase"]
[SourceQuality "1"]
[TimeControl "5400+30"]

1. Nf3 Nf6 2. d4 e6 3. Bf4 d5 4. e3 Bd6 5. Bg3 O-O 6. Nbd2 c5 7. c3 Nc6 8. Bd3 b6 9. Bh4 Be7 10. Bg3 Bd6 11. Bh4 Be7 12. Bg3 1/2-1/2

[Event "1st Bella Italia International 2022"]
[Site "Lignano"]
[Date "2022.08.19"]
[Round "4.20"]
[White "Arana Garate, Jon"]
[Black "Marson, Roy"]
[Result "1/2-1/2"]
[ECO "B07"]
[WhiteElo "1933"]
[BlackElo "1959"]
[Annotator "NA RC"]
[PlyCount "99"]
[EventDate "2022.08.18"]
[EventCountry "ITA"]
[SourceTitle "playchess.com"]
[Source "ChessBase"]
[SourceQuality "1"]
[TimeControl "5400+30"]

1. d4 Nf6 2. Bf4 g6 3. Nc3 Bg7 4. e4 d6 5. Be2 c6 6. Qd2 Nbd7 7. Nf3 b5 8. e5 dxe5 9. dxe5 Ng4 10. e6 Nde5 11. Qxd8+ Kxd8 12. Rd1+ Ke8 13. h3 Bxe6 14. hxg4 Nxg4 15. Ng5 Bf5 16. Bf3 Rc8 17. Be4 Bxe4 18. Ngxe4 Nf6 19. Be5 Nxe4 20. Bxg7 Nxc3 21. Bxc3 f6 22. Rh3 c5 23. Re3 Rf8 24. Ba5 c4 25. Re6 Rb8 26. Ra6 Rb7 27. Rd8+ Kf7 28. Rxf8+ Kxf8 29. Bb4 Kf7 30. Bc5 Rc7 31. Bd4 Rd7 32. c3 e5 33. Rxa7 Rxa7 34. Bxa7 Ke6 35. Ke2 Kd5 36. Ke3 f5 37. Bb6 g5 38. g4 fxg4 39. Bd8 h6 40. Be7 Ke6 41. Bxg5 hxg5 42. Ke4 Kf6 43. b3 b4 44. bxc4 bxc3 45. Kd3 e4+ 46. Kxc3 e3 47. Kd3 exf2 48. Ke2 Ke5 49. Kxf2 Kd4 50. Ke2 1/2-1/2

[Event "1st Bella Italia International 2022"]
[Site "Lignano"]
[Date "2022.08.20"]
[Round "5.1"]
[White "Aaron, Deepak"]
[Black "Visakh N R"]
[Result "0-1"]
[ECO "C01"]
[WhiteElo "2221"]
[BlackElo "2503"]
[Annotator "TA"]
[PlyCount "96"]
[EventDate "2022.08.18"]
[EventCountry "ITA"]
[SourceTitle "playchess.com"]
[Source "ChessBase"]
[SourceQuality "1"]
[TimeControl "5400+30"]

1. c4 {[%emt 0:01:01] Knaak,R} e6 2. e4 d5 3. exd5 exd5 4. d4 Bb4+ 5. Nc3 Nf6 6. cxd5 Nxd5 7. Bd2 {[%emt 0:02:24] C01: French: Exchange Variation.} O-O 8. Bd3 c5 9. dxc5 (9. Nge2 $15) 9... Nxc3 $17 ({Much weaker is} 9... Bxc5 10. Nge2 $11) 10. Bxc3 Bxc3+ 11. bxc3 Nd7 {[%emt 0:14:35] [#]} (11... Qg5 {keeps more tension.} 12. Qf3 Nd7 13. Qg3 Qd5) 12. Ne2 $146 ({Don't blunder} 12. Qh5 $2 g6 13. Qd5 Qe7+ 14. Be2 Re8 $19) ({Predecessor:} 12. c6 Nc5 13. Bc2 Re8+ 14. Ne2 Qe7 15. Kf1 bxc6 16. Nd4 Ne4 17. Nxc6 Ba6+ 18. Kg1 {0-1 (31) Kuijf,M (2420)-Kortschnoj,V (2575) Tilburg 1992 CBM 032 [Knaak,R]}) 12... Nxc5 13. Bc2 Qxd1+ 14. Kxd1 Bd7 15. Nd4 Ba4 16. Re1 {[%emt 0:03:25] Against Ne4} Rac8 17. Rb1 Rfd8 18. Re3 b5 19. Kd2 Bxc2 20. Kxc2 a6 21. Nf5 Kf8 22. Rd1 Rxd1 23. Kxd1 $15 {[%emt 0:00:02][%mdl 4096] Endgame KRN-KRN} Ne6 24. Rd3 g6 25. Ne3 Nc5 26. Rd6 a5 {[%emt 0:00:06] Black wants to play ...Ne4.} 27. c4 Ne4 28. Rd4 Nc3+ (28... Nxf2+ $2 29. Ke2 bxc4 30. Kxf2 $18) 29. Kc2 (29. Kd2 $5 b4 30. Kc2 $11) 29... Nxa2 30. Kb2 Nb4 31. cxb5 Rb8 32. Nc2 (32. Kb3 $15 Rxb5 33. Ka4) 32... Nxc2 $17 ({Of course not} 32... Rxb5 $6 33. Nxb4 axb4 34. Kb3 $11) 33. Kxc2 Rxb5 {[%emt 0:00:00] KR-KR} 34. Rd7 Rf5 35. f3 Re5 {[%emt 0:00:00] White must now prevent ...Re2+.} 36. Kd3 Re7 (36... Re1 $19 {...Rd1+ is the strong threat.} 37. Ra7 Rd1+ 38. Ke4 Ra1) 37. Rd4 Ra7 38. Ra4 Ke7 39. Kc4 Kd6 40. Kb5 {[%emt 0:00:45] [#] This move loses the game for White.} (40. Kb3 $17 {was worth a try.}) 40... Rb7+ $1 $19 41. Kxa5 $2 {[%emt 0:02:29] [#]} (41. Kc4 $19) 41... Ra7+ $1 {[%emt 0:00:00] Black mates.} 42. Kb5 Rxa4 43. Kxa4 {[%emt 0:00:01] K3P-K3P} Kc5 44. h4 f5 45. h5 gxh5 46. Kb3 Kd4 47. Kc2 Ke3 48. Kd1 Kf2 {[%emt 0:00:00] Weighted Error Value: White=0.28 (precise) /Black=0.04 (flawless)} 0-1